Map: 2000 Atmospheres LE

Players

JonSnow - Winner!

  • Race: Zerg Zerg

Namshar

  • Race: Zerg Zerg

Event: DreamHack SC2 Masters 2021 Fall

VOD

Have the link to the VOD?

Description

Time

  • Played on: Aug. 4, 2021, 5:10 p.m.
  • Length: 7:00

All games in this series

Show
View Real Time Build Order
Export as new Build Order

JonSnow Zerg - Winner!

Build Orders: Hatch First 

Get SALT Encoding   

  12  0:01  Drone  
  13  0:13  Overlord  
  13  0:18  Drone  
  14  0:31  Drone x2  
  16  0:50  Hatchery  
  16  0:52  Drone  
  16  0:56  Drone  
  17  1:01  Drone  
  18  1:05  Extractor  
  17  1:16  Spawning Pool  
  17  1:18  Drone  
  17  1:23  Drone  
  18  1:29  Drone  
  20  1:40  Drone  
  20  1:49  Overlord  
  20  2:03  Queen x2, Drone x2  
  20  2:08  Metabolic Boost  
  26  2:14  Drone x2  
  28  2:23  Zergling x2  
  28  2:24  Zergling x2  
  30  2:36  Hatchery  
  29  2:42  Overlord  
  29  2:44  Drone  
  29  2:45  Drone  
  31  3:00  Zergling x6  
  34  3:08  Zergling x4  
  36  3:13  Zergling x12  
  42  3:25  Roach Warren  
  41  3:27  Overlord  
  41  3:31  Zergling x6  
  43  3:54  Overlord x2  
  37  4:08  Roach x8  
  48  4:17  Zergling x4  
  48  4:19  Queen  
  52  4:25  Roach  
  52  4:26  Roach  
  56  4:34  Zergling x4  
  56  4:35  Zergling x2  
  59  4:43  Roach  
  59  4:44  Zergling x4  
  65  4:53  Roach  
  65  4:54  Zergling x6  
  67  5:01  Zergling x2  
  67  5:02  Zergling x4  
  70  5:14  Zergling x8  
  66  5:29  Zergling x14  
  59  5:38  Zergling x2  
  56  5:45  Zergling x10  
  58  5:50  Ravager  
  58  5:52  Zergling x4  
  58  5:53  Zergling x2  
  58  5:55  Zergling x2  
  58  5:56  Zergling x2  
  59  6:04  Zergling x6  
  59  6:06  Ravager  
  61  6:11  Zergling x4  
  51  6:29  Drone x6  
  51  6:30  Evolution Chamber  
  47  6:40  Drone  
  47  6:41  Drone x4  
  47  6:44  Extractor  
Show
View Real Time Build Order
Export as new Build Order

Namshar Zerg 

Build Orders: Hatch First, Zergling Baneling 

Get SALT Encoding   

  12  0:00  Drone  
  13  0:12  Overlord  
  13  0:16  Drone  
  14  0:30  Drone x2  
  16  0:47  Hatchery  
  15  0:50  Drone  
  15  0:53  Drone  
  18  0:57  Drone  
  18  1:07  Extractor  
  17  1:12  Spawning Pool  
  17  1:15  Drone  
  18  1:18  Drone  
  18  1:28  Drone  
  19  1:38  Drone  
  20  1:49  Drone  
  21  1:59  Queen x2  
  21  2:00  Zergling x2, Overlord  
  26  2:10  Drone  
  26  2:11  Metabolic Boost, Drone  
  28  2:21  Drone  
  29  2:23  Drone  
  30  2:31  Hatchery  
  30  2:32  Drone  
  30  2:35  Drone  
  31  2:43  Drone, Overlord  
  32  2:53  Baneling Nest  
  32  2:55  Zergling x2  
  32  2:57  Zergling x2  
  33  3:06  Drone  
  33  3:07  Drone x6  
  40  3:13  Queen  
  40  3:17  Overlord  
  42  3:27  Evolution Chamber  
  41  3:29  Zergling x2  
  41  3:30  Zergling x2  
  43  3:34  Zergling x2  
  43  3:36  Baneling x2  
  43  3:37  Baneling  
  43  3:41  Zergling x10  
  49  3:44  Queen  
  48  3:48  Zergling x2  
  48  3:49  Zergling x2  
  47  3:59  Zergling x2  
  47  4:00  Zergling x6  
  49  4:04  Baneling x2  
  49  4:06  Zergling x4  
  49  4:08  Baneling  
  48  4:15  Baneling x2  
  47  4:19  Extractor  
  47  4:20  Roach Warren, Drone  
  47  4:21  Drone x3  
  49  4:25  Overlord  
  49  4:28  Drone x2  
  50  4:46  Overlord x2  
  50  4:50  Zergling x6  
  50  4:51  Zergling x6  
  56  4:57  Overlord x2  
  55  5:02  Roach x3  
  61  5:11  Roach x2  
  64  5:15  Roach  
  65  5:22  Zergling x2, Roach  
  65  5:27  Zergling x2, Roach  
  61  5:31  Zergling x2  
  61  5:32  Roach  
  52  5:40  Zergling x2, Roach  
  54  5:45  Roach  
  41  5:56  Zergling x6, Roach  
  38  6:07  Zergling x4, Roach  
  40  6:12  Zergling x2  
  40  6:13  Zergling x2  
  40  6:21  Zergling x2  
  40  6:22  Zergling x2  
  33  6:29  Zergling x2  

Tags
 
Add a new tag
Caveats
  • Supply blocks, unpowered buildings, or Contaminate may cause inaccurate times.
  • Supply counts are checked every 10 seconds.